 Dungeon Crawl Stone Soup version 0.29.1-2-gbd0b4ee654 (webtiles) character file.

Game seed: 7817238471502678818

3568 warriortoast the Covert (level 9, 0/39 HPs)
             Began as a Spriggan Enchanter on Nov 18, 2022.
             Was a Priest of Fedhas.
             Slain by a two-headed ogre
             ... wielding a +0 giant spiked club
              (18 damage)
             ... on level 7 of the Dungeon on Nov 19, 2022.
             The game lasted 00:20:25 (10392 turns).

warriortoast the Covert (Spriggan Enchanter)       Turns: 10392, Time: 00:20:25

Health: 0/39       AC:  6    Str:  6    XL:     9   Next: 84%
Magic:  20/22      EV: 24    Int: 24    God:    Fedhas [***...]
Gold:   400        SH:  0    Dex: 22    Spells: 16/24 levels left

rFire   . . .      SeeInvis +   a - +1 dagger
rCold   . . .      Faith    .   (no shield)
rNeg    . . .      Spirit   .   w - +2 robe
rPois   +          Reflect  .   (helmet restricted)
rElec   .          Harm     .   p - +1 cloak {rPois}
rCorr   .          Rampage  .   (gloves unavailable)
Will    +....                   (boots unavailable)
Stlth   +++++.....              (no amulet)
HPRegen 0.13/turn               k - +6 ring of intelligence
MPRegen 0.18/turn               u - +6 ring of dexterity

@: confusing by touch, very quick
A: very small, no large weapons, unfitting armour, see invisible, speed 3
a: Renounce Religion, Wall of Briars, Grow Ballistomycete


You were on level 7 of the Dungeon.
You worshipped Fedhas.
Fedhas was most pleased with you.
You visited 1 branch of the dungeon, and saw 7 of its levels.

You collected 400 gold pieces.

Inventory:

Hand Weapons
 a - a +1 dagger (weapon)
 e - the +3 arbalest of Makhleb, Winnowing {elec, rC+ rN+ Int+3}
   (You found it on level 7 of the Dungeon)

   Any ammunition fired from it occasionally discharges a powerful burst of
   electricity upon striking a foe.
   Int:       It affects your intelligence (+3).
   rC:        It protects you from cold.
   rN:        It protects you from negative energy.
 g - a +0 antimagic dagger
 A - a +0 sling
Missiles
 z - a throwing net
Armour
 b - a +0 robe
 p - a +1 cloak of poison resistance (worn)
 w - a +2 robe (worn)
Jewellery
 k - a +6 ring of intelligence (left hand)
 q - a ring of resist corrosion
 u - a +6 ring of dexterity (right hand)
Scrolls
 f - 5 scrolls of teleportation {unknown}
 l - 2 scrolls of enchant armour {unknown}
 m - a scroll of vulnerability {unknown}
 o - 2 scrolls of blinking {unknown}
 r - a scroll of fear {unknown}
 s - a scroll of summoning {unknown}
 y - a scroll of magic mapping {unknown}
Potions
 c - a potion of invisibility
 d - a potion of flight
 h - a potion of degeneration
 i - 3 potions of curing
 j - a potion of haste
 n - a potion of resistance
 t - a potion of berserk rage
 x - a potion of might


   Skills:
 - Level 5.0 Short Blades
 + Level 5.3 Ranged Weapons
 - Level 8.0 Dodging
 - Level 11.0 Stealth
 - Level 8.0 Spellcasting
 - Level 8.0 Hexes


You had 16 spell levels left.
You knew the following spells:

 Your Spells              Type           Power      Damage    Failure   Level
a - Ensorcelled Hibernat  Hex/Ice        56%        N/A       1%          2
b - Confusing Touch       Hex            48%        N/A       1%          3
c - Tukima's Dance        Hex            48%        N/A       1%          3

Your spell library contained the following spells:

 Spells                   Type           Power      Damage    Failure   Level
 Dazzling Flash           Conj/Hex       56%        N/A       3%          3
 Necrotise                Necr           36%        1d5       6%          1
 Vampiric Draining        Necr           9%         2d6       19%         3
 Hailstorm                Conj/Ice       9%         3d4       54%         4
 Ice Form                 Ice/Tmut       9%         N/A       54%         4
 Agony                    Necr           9%         N/A       87%         5
 Fireball                 Conj/Fire      4%         3d4       87%         5
 Simulacrum               Ice/Necr       4%         N/A       100%        6
 Starburst                Conj/Fire      4%         6d4       100%        6
 Ignition                 Fire           4%         3d4       100%        8


Dungeon Overview and Level Annotations

Branches:
Dungeon (7/15)             Temple (0/1) D:7

Altars:
Ashenzari
Fedhas
Hepliaklqana
Kikubaaqudgha
Qazlal
Sif Muna
Wu Jian
Zin

Annotations:
D:4 2 transporters


Innate Abilities, Weirdness & Mutations

You are very small and have problems with some larger weapons.
You are too small for most types of armour.
You have supernaturally acute eyesight. (SInv)
You cover ground extremely quickly. (Speed+++)


Message History

h - a potion of degeneration
As you read the scroll of identify, it crumbles to dust.
j - a potion of haste
As you read the scroll of identify, it crumbles to dust.
t - a potion of berserk rage
As you read the scroll of identify, it crumbles to dust.
x - a potion of might You see here a howler monkey corpse.
You shoot a bolt. The bolt hits the two-headed ogre!
The two-headed ogre is moderately wounded.
You see here a howler monkey corpse.
You shoot a bolt.
The bolt closely misses the two-headed ogre.
No target in view!
You shoot a bolt.
The bolt barely misses the two-headed ogre.
You shoot a bolt. The bolt hits the two-headed ogre!
The two-headed ogre is heavily wounded.
You shoot a bolt. The bolt hits the two-headed ogre!
The two-headed ogre is heavily wounded.
You cannot walk through the dense trees.
Casting: Confusing Touch (safe; 1% risk of failure)
Confirm with . or Enter, or press ? or * to list all spells.
You don't know that spell.
You shoot a bolt.
The bolt barely misses the two-headed ogre.
Casting: Confusing Touch (safe; 1% risk of failure)
Confirm with . or Enter, or press ? or * to list all spells.
Your hands begin to glow red.
The +3 arbalest of Makhleb, Winnowing {elec, rC+ rN+ Int+3} stops crackling.
a - a +1 dagger (weapon)
The two-headed ogre hits you with a +0 giant spiked club!
The two-headed ogre hits you with a +0 dire flail!
You hit the two-headed ogre but do no damage.
The two-headed ogre is heavily wounded.
You cannot walk through the dense trees.
The two-headed ogre closely misses you.
The two-headed ogre hits you with a +0 dire flail!!
You die...
Fedhas appreciates your contribution to the ecosystem.

#.###....## ####.########..###..
#...)....# ##.##....)...........
#####...#####.#..........##.#####
# ##.<.)....................... #
##.###.###################### #
##...##.# ##########..## #
#...#...# #..♣.♣.♣..##.##.V.. #
##.#.#.## #♣.O.....♣##O##)### #
#..#..#.# #@......####.##.#$ ##
#.##.###.###♣.†♣..♣##.#.##.##
.####.#..##.#.###)....##..##.##.#
..>...#.##.#.#.##♣...♣##.#.#.##V#
.#####..#.#.#.#.##...##..#†##.##.
.÷...#.###.#[#.###♣.♣###.##.#.##.
####...##.#.#.#.###.##.##.#.##.##
#..##.#.#.#.#.##.##....##...##
#..#.#########.##.##h#########


You could see a two-headed ogre.

Vanquished Creatures
  Pikel (D:6)
  A kobold demonologist (D:7)
  Grinder (D:6)
  Sigmund (D:6)
  A vampire (D:7)
  A steam dragon (D:7)
  Edmund (D:5)
  Menkaure (D:6)
  2 black bears
  Pargi (D:3)
  2 ice beasts
  A sky beast (D:6)
  A lemure (D:5)
  2 centaurs (D:7)
  A phantom (D:4)
  Blork the orc (D:6)
  2 bullfrogs
  3 scorpions
  A killer bee (D:7)
  A howler monkey (D:7)
  4 hounds
  Crazy Yiuf (D:3)
  Jessica (D:2)
  Terence (D:2)
  7 iguanas
  Natasha (D:2)
  An orc wizard (D:4)
  Robin (D:2)
  9 adders
  4 gnolls (D:7)
  2 shadow imps
  4 white imps
  2 ufetubi (D:5)
  3 worms
  3 dart slugs
  11 orcs
  3 ball pythons
  7 bats
  6 endoplasms
  5 giant cockroaches
  12 goblins
  10 hobgoblins
  5 quokkas
  A frilled lizard (D:2)
  9 kobolds
  2 rats
141 creatures vanquished.

Vanquished Creatures (others)
  An adder (D:5)
  3 plants (D:7)
4 creatures vanquished.

Grand Total: 145 creatures vanquished

Notes
Turn   | Place    | Note
-------+----------+-------------------------------------------
     0 | D:1      | warriortoast the Spriggan Enchanter began the quest for the
                  | Orb.
     0 | D:1      | Reached XP level 1. HP: 9/9 MP: 5/5
   375 | D:1      | Reached XP level 2. HP: 10/13 MP: 6/6
   861 | D:1      | Learned a level 2 spell: Ensorcelled Hibernation
  1259 | D:1      | Found a faded altar of an unknown god.
  1435 | D:2      | Noticed Terence
  1512 | D:2      | Reached XP level 3. HP: 6/16 MP: 1/8
  1732 | D:2      | Reached skill level 5 in Stealth
  1831 | D:2      | Killed Terence
  1897 | D:2      | Reached XP level 4. HP: 21/21 MP: 2/10
  2107 | D:2      | Noticed Robin
  2189 | D:2      | Killed Robin
  2369 | D:2      | Noticed Jessica
  2503 | D:2      | Killed Jessica
  2559 | D:2      | Noticed Natasha
  2565 | D:2      | Killed Natasha
  2566 | D:2      | Reached XP level 5. HP: 24/24 MP: 11/11
  3061 | D:3      | Found a blossoming altar of Fedhas.
  3062 | D:3      | Found an ancient bone altar of Kikubaaqudgha.
  3068 | D:3      | Became a worshipper of Fedhas Madash
  3352 | D:3      | Found a stormy altar of Qazlal.
  3594 | D:3      | Reached skill level 6 in Stealth
  3778 | D:3      | Noticed Pargi
  3788 | D:3      | Killed Pargi
  3789 | D:3      | Reached XP level 6. HP: 16/28 MP: 4/13
  4251 | D:3      | Found a runed translucent door.
  4252 | D:3      | Noticed Crazy Yiuf
  4327 | D:3      | Learned a level 3 spell: Confusing Touch
  4331 | D:3      | Learned a level 3 spell: Tukima's Dance
  4344 | D:3      | Killed Crazy Yiuf
  4345 | D:3      | Reached skill level 5 in Hexes
  4480 | D:4      | Found a transporter.
  4501 | D:4      | Reached * piety under Fedhas
  4887 | D:4      | Reached skill level 5 in Dodging
  5260 | D:4      | Found a shimmering blue altar of Sif Muna.
  5271 | D:4      | You fall into a shaft and drop 2 floors!
  5331 | D:6      | Noticed Blork the orc
  5335 | D:6      | Noticed Pikel
  5342 | D:6      | Noticed Sigmund
  5372 | D:5      | Entered Level 5 of the Dungeon
  5378 | D:5      | Reached XP level 7. HP: 6/32 MP: 15/15
  5378 | D:5      | Noticed Edmund
  5407 | D:5      | Killed Edmund
  5408 | D:5      | Reached skill level 7 in Stealth
  5408 | D:5      | Reached skill level 5 in Spellcasting
  5714 | D:5      | Identified the +0 pair of boots of Lust {rC- rCorr Str+4}
  6036 | D:5      | Found an ornate altar of the Wu Jian Council.
  6625 | D:4      | Reached ** piety under Fedhas
  6797 | D:4      | Found a transporter.
  7049 | D:4      | Found a hazy altar of Hepliaklqana.
  7460 | D:6      | Reached XP level 8. HP: 36/36 MP: 17/17
  7635 | D:6      | Reached skill level 8 in Stealth
  7683 | D:6      | Noticed Grinder
  7757 | D:6      | Killed Grinder
  7758 | D:6      | Reached skill level 5 in Short Blades
  7825 | D:6      | Killed Blork the orc
  8147 | D:6      | Killed Sigmund
  8148 | D:6      | Reached skill level 9 in Stealth
  8214 | D:6      | Killed Pikel
  8215 | D:6      | Reached XP level 9. HP: 39/39 MP: 16/20
  8249 | D:6      | Noticed Menkaure
  8412 | D:6      | Killed Menkaure
  8483 | D:6      | Reached skill level 1 in Ranged Weapons
  8483 | D:6      | Reached skill level 10 in Stealth
  8624 | D:6      | Found a broken altar of Ashenzari.
  8758 | D:6      | Found a glowing silver altar of Zin.
  8818 | D:7      | Found a staircase to the Ecumenical Temple.
  9170 | D:7      | Identified the +3 arbalest of Makhleb, Winnowing {elec, rC+
                  | rN+ Int+3}
  9437 | D:7      | Reached *** piety under Fedhas
 10243 | D:7      | Reached skill level 11 in Stealth
 10289 | D:7      | Noticed a kobold demonologist
 10289 | D:7      | Noticed a two-headed ogre
 10291 | D:7      | Killed a kobold demonologist
 10339 | D:7      | Reached skill level 5 in Ranged Weapons
 10392 | D:7      | Slain by a two-headed ogre

Illustrated notes

Levels and vault maps discovered:
D:1:      shiori_arrival_oz, layout_basic,
          hellmonk_ecumenical_altar_arch_garden, minmay_pentomino_t2
D:2:      layout_loops_ring, uniq_robin, uniq_terence, uniq_natasha,
          uniq_jessica
D:3:      layout_loops_corners, mainiacjoe_overflow_alcove_2,
          grunt_temple_overflow_growth_and_decay, grunt_decor_fettered,
          uniq_crazy_yiuf_cottage, uniq_pargi
D:4:      gammafunk_steamed_eel, layout_cave_pods,
          mainiacjoe_overflow_surrounded_room, mainiacjoe_overflow_catwalk,
          minmay_surrounded
D:5:      layout_loops_cross, nzn_wu_jian_contemplation, hex_tiny, uniq_edmund
D:6:      layout_cave_pools, general_overflow_altar,
          ashenzari_conservatory_becter, kennysheep_nub, uniq_grinder,
          uniq_sigmund, uniq_blork_the_orc, uniq_menkaure, uniq_pikel
D:7:      minmay_the_grid_triangle_9x9_rhombus_full
          [minmay_the_grid_triangle_9x9_checkered,
          minmay_the_grid_triangle_9x9_shrine,
          minmay_the_grid_triangle_9x9_pentomino_pain,
          minmay_the_grid_triangle_9x9_descending_squares,
          minmay_the_grid_triangle_9x9_odd_lines,
          minmay_the_grid_triangle_9x9_zippers_horizontal,
          minmay_the_grid_triangle_9x9_longest,
          minmay_the_grid_triangle_9x9_prize_top_heavy], layout_loops_ring,
          lemuel_coloured_pillars_altar, minmay_temple_entry_stoned_glass

Skill      XL: |  1  2  3  4  5  6  7  8  9 |
---------------+----------------------------+-----
Dodging        | 3 4 5 6 7 8 |  8.0
Spellcasting   | 3 4 5 7 8 |  8.0
Stealth        | 5 6 7 9 11 | 11.0
Hexes          | 4 5 6 7 8 |  8.0
Short Blades   | 2 3 4 5 |  5.0
Ranged Weapons | 5 |  5.3

Action                   |  1- 3 |  4- 6 |  7- 9 || total
-------------------------+-------+-------+-------++-------
Melee: Dagger            |    97 |    96 |   253 ||   446
       Punch             |       |       |     5 ||     5
 Fire: Sling             |       |       |     2 ||     2
       Arbalest          |       |       |    26 ||    26
 Cast: Ensorcelled Hiber |    11 |    67 |    18 ||    96
       Confusing Touch   |       |     3 |    46 ||    49
  Use: Potion            |       |     1 |       ||     1
       Scroll            |       |       |     6 ||     6
 Stab: Sleeping          |    12 |    44 |    20 ||    76
       Distracted        |       |     1 |       ||     1
       Confused          |       |     2 |    32 ||    34
Armor: Robe              |     5 |     9 |    24 ||    38
Dodge: Dodged            |    76 |    95 |   201 ||   372
